SBL
RICHMOND TIGERS @ FOOTSCRAY BULLDOGS
05/03/2022
 
TOP OF THE 1ST
Richmond Tigers batting - Pitching for Footscray Bulldogs : RHP Camron Lonsdale
Pitching: RHP Camron Lonsdale
Batting: RHB Tristen Deas 0-0: Ball
1-0: Fly out, F8 (Flyball, 8RM, EV 93.8 MPH)
Batting: RHB Micah Plumtree 0-0: Ball
1-0: Ball
2-0: Ball
3-0: Called Strike
3-1: Called Strike
3-2: Fly out, F8 (Flyball, 89M, EV 85.0 MPH)
Batting: LHB Frank Hicken 0-0: Called Strike
0-1: Ball
1-1: Ball
2-1: Called Strike
2-2: Fly out, F9 (Flyball, 9LD, EV 78.1 MPH)
Top of the 1st over - 0 runs, 0 hits, 0 errors, 0 left on base; Richmond 0 - Footscray 0
BOTTOM OF THE 1ST
Footscray Bulldogs batting - Pitching for Richmond Tigers : RHP D.B. Chesters
Pitching: RHP D.B. Chesters
Batting: RHB Ray Donaldson 0-0: Called Strike
0-1: Ball
1-1: Ball
2-1: Called Strike
2-2: Foul Ball, location: 2F
2-2: Fly out, F8 (Flyball, 8LXD, EV 82.5 MPH)
Batting: RHB Brad Angwin 0-0: Foul Ball, location: 7LSF
0-1: Ball
1-1: Ball
2-1: Foul Ball, location: 9LDF
2-2: Ball
3-2: Foul Ball, location: 5F
3-2: Fly out, F3 (Popup, 23F, EV 90.0 MPH)
Batting: RHB Bob Alley 0-0: Swinging Strike
0-1: Ball
1-1: Ball
2-1: Ball
3-1: Swinging Strike
3-2: Fly out, F9 (Flyball, 9LSF, EV 75.0 MPH)
Bottom of the 1st over - 0 runs, 0 hits, 0 errors, 0 left on base; Richmond 0 - Footscray 0
TOP OF THE 2ND
Richmond Tigers batting - Pitching for Footscray Bulldogs : RHP Camron Lonsdale
Batting: RHB Dae-hwan Kong 0-0: Ball
1-0: Swinging Strike
1-1: Ball
2-1: Ball
3-1: Base on Balls
Batting: RHB Michael Reakes 0-0: Called Strike
0-1: Foul Ball, location: 5FF
0-2: Foul Ball, location: 2F
0-2: Strikes out swinging
Batting: RHB Matt Huntley 0-0: Grounds into double play, 6-4-3 (Groundball, 6, EV 85.6 MPH)
Top of the 2nd over - 0 runs, 0 hits, 0 errors, 0 left on base; Richmond 0 - Footscray 0
BOTTOM OF THE 2ND
Footscray Bulldogs batting - Pitching for Richmond Tigers : RHP D.B. Chesters
Batting: RHB Colin Matthews 0-0: Ball
1-0: Foul Ball, location: 2F
1-1: Ball
2-1: Foul Ball, location: 2F
2-2: SOLO HOME RUN (Flyball, 9LD, EV 96.9 MPH), Distance : 356 ft
Batting: RHB Luke Gayford 0-0: Foul Ball, location: 7LDF
0-1: Swinging Strike
0-2: Foul Ball, location: 9LSF
0-2: Ball
1-2: Strikes out swinging, 2-3 out at first.
Batting: RHB Frank Hore 0-0: Ball
1-0: DOUBLE (Line Drive, 89D, EV 107.5 MPH)
Batting: RHB Marvin Fairchild 0-0: Ball
1-0: Ball
2-0: Ground out 5-3 (Groundball, 5L, EV 91.3 MPH)
Batting: SHB Matt Brentnall 0-0: Foul Ball, location: 9LSF
0-1: Ball
1-1: SINGLE (Groundball, 56D, EV 98.1 MPH)
Frank Hore to third
Runner from 3rd tries for Home, SAFE, throw by LF to home
Batting: RHB Jeff Grieves Pickoff Throw to First - Out! 1-3 CS
Bottom of the 2nd over - 2 runs, 3 hits, 0 errors, 0 left on base; Richmond 0 - Footscray 2
TOP OF THE 3RD
Richmond Tigers batting - Pitching for Footscray Bulldogs : RHP Camron Lonsdale
Now at 2B: Bill Bransington
Batting: RHB Robbie Broom 0-0: Swinging Strike
0-1: Ball
1-1: Ball
2-1: Ball
3-1: Fly out, F8 (Flyball, 8LM, EV 88.8 MPH)
Batting: RHB Darren Honeysett 0-0: Ball
1-0: Ball
2-0: DOUBLE (Flyball, 7LD, EV 89.4 MPH)
Batting: RHB Arnie Studs 0-0: Ball
1-0: Foul Ball, location: 3SF
1-1: Ground out 2-3 (Groundball, 2R, EV 69.4 MPH)
Batting: RHB Tristen Deas 0-0: Foul Ball, location: 2F
0-1: Ball
1-1: Fly out, F8 (Flyball, 8LD, EV 103.1 MPH)
Top of the 3rd over - 0 runs, 1 hit, 0 errors, 1 left on base; Richmond 0 - Footscray 2
BOTTOM OF THE 3RD
Footscray Bulldogs batting - Pitching for Richmond Tigers : RHP D.B. Chesters
Batting: RHB Jeff Grieves 0-0: Called Strike
0-1: Foul Ball, location: 2F
0-2: Ball
1-2: Fly out, F9 (Flyball, 89M, EV 90.0 MPH)
Batting: RHB Ray Donaldson 0-0: Ball
1-0: Foul Ball, location: 5F
1-1: Foul Ball, location: 2F
1-2: Strikes out swinging
Batting: RHB Brad Angwin 0-0: Ball
1-0: Called Strike
1-1: Ball
2-1: Called Strike
2-2: Strikes out looking
Bottom of the 3rd over - 0 runs, 0 hits, 0 errors, 0 left on base; Richmond 0 - Footscray 2
TOP OF THE 4TH
Richmond Tigers batting - Pitching for Footscray Bulldogs : RHP Camron Lonsdale
Batting: RHB Micah Plumtree 0-0: Foul Ball, location: 3DF
0-1: Foul Ball, location: 2F
0-2: Ball
1-2: Strikes out looking
Batting: LHB Frank Hicken 0-0: Ball
1-0: Called Strike
1-1: Called Strike
1-2: Ball
2-2: SINGLE (Line Drive, 7LS, EV 96.3 MPH)
Batting: RHB Dae-hwan Kong 0-0: Ball
1-0: Swinging Strike
1-1: Ball
2-1: Swinging Strike
2-2: Fly out, F7 (Line Drive, 7, EV 94.4 MPH)
Batting: RHB Michael Reakes 0-0: Called Strike
Frank Hicken is caught stealing 2nd base 2-4
Top of the 4th over - 0 runs, 1 hit, 0 errors, 0 left on base; Richmond 0 - Footscray 2
BOTTOM OF THE 4TH
Footscray Bulldogs batting - Pitching for Richmond Tigers : RHP D.B. Chesters
Batting: RHB Bob Alley 0-0: Called Strike
0-1: Ball
1-1: Ball
2-1: Foul Ball, location: 2F
2-2: Foul Ball, location: 7LMF
2-2: Foul Ball, location: 23FF
2-2: Ball
3-2: Foul Ball, location: 2F
3-2: Foul Ball, location: 2F
3-2: Foul Ball, location: 3FF
3-2: Strikes out swinging
Batting: RHB Colin Matthews 0-0: Ball
1-0: Ball
2-0: Called Strike
2-1: Ball
3-1: Hit by Pitch
Batting: RHB Luke Gayford 0-0: Called Strike
0-1: Called Strike
0-2: Strikes out looking
Batting: RHB Bill Bransington 0-0: Fielders Choice at 2nd, 6-4 (Groundball, 6, EV 86.3 MPH)
Bottom of the 4th over - 0 runs, 0 hits, 0 errors, 1 left on base; Richmond 0 - Footscray 2
TOP OF THE 5TH
Richmond Tigers batting - Pitching for Footscray Bulldogs : RHP Camron Lonsdale
Batting: RHB Michael Reakes 0-0: Foul Ball, location: 2F
0-1: Ball
1-1: Foul Ball, location: 2F
1-2: Ball
2-2: Foul Ball, location: 2F
2-2: Fly out, F9 (Flyball, 9, EV 93.8 MPH)
Batting: RHB Matt Huntley 0-0: Ball
1-0: Called Strike
1-1: Ball
2-1: Swinging Strike
2-2: Ball
3-2: Fly out, F8 (Flyball, 89S, EV 85.6 MPH)
Batting: RHB Robbie Broom 0-0: Ball
1-0: Foul Ball, location: 9LSF
1-1: Foul Ball, location: 2F
1-2: Foul Ball, location: 2F
1-2: Foul Ball, location: 9LDF
1-2: Foul Ball, location: 25F
1-2: Foul Ball, location: 5F
1-2: Ground out 6-3 (Groundball, 6M, EV 90.6 MPH)
Top of the 5th over - 0 runs, 0 hits, 0 errors, 0 left on base; Richmond 0 - Footscray 2
BOTTOM OF THE 5TH
Footscray Bulldogs batting - Pitching for Richmond Tigers : RHP D.B. Chesters
Batting: RHB Marvin Fairchild 0-0: Ball
1-0: Foul Ball, location: 3F
1-1: Ball
2-1: Fly out, F9 (Flyball, 89M, EV 90.0 MPH)
Batting: SHB Matt Brentnall 0-0: Called Strike
0-1: Ground out 5-3 (Groundball, 56S, EV 83.8 MPH)
Batting: RHB Jeff Grieves 0-0: Ball
1-0: Called Strike
1-1: Ball
2-1: SINGLE (Groundball, 4MD, EV 100.6 MPH)
Batting: RHB Ray Donaldson 0-0: Swinging Strike
0-1: Called Strike
0-2: Strikes out looking
Bottom of the 5th over - 0 runs, 1 hit, 0 errors, 1 left on base; Richmond 0 - Footscray 2
TOP OF THE 6TH
Richmond Tigers batting - Pitching for Footscray Bulldogs : RHP Camron Lonsdale
Pitching: RHP Destin Stuckey
Batting: RHB Darren Honeysett 0-0: Called Strike
0-1: Ball
1-1: Ball
2-1: Ball
3-1: Swinging Strike
3-2: Ground out 4-3 (Groundball, 4, EV 82.5 MPH)
Batting: RHB Arnie Studs 0-0: Called Strike
0-1: Called Strike
0-2: Ball
1-2: Foul Ball, location: 9LMFF
1-2: Fly out, F7 (Line Drive, 7S, EV 100.0 MPH)
Batting: RHB Tristen Deas 0-0: Ball
1-0: Called Strike
1-1: Called Strike
1-2: Ball
2-2: Ball
3-2: Base on Balls
Batting: RHB Micah Plumtree 0-0: Foul Ball, location: 2F
0-1: Foul Ball, location: 25F
0-2: Ball
1-2: Strikes out looking
Top of the 6th over - 0 runs, 0 hits, 0 errors, 1 left on base; Richmond 0 - Footscray 2
BOTTOM OF THE 6TH
Footscray Bulldogs batting - Pitching for Richmond Tigers : RHP D.B. Chesters
Batting: RHB Brad Angwin 0-0: Ball
1-0: Ball
2-0: Called Strike
2-1: Swinging Strike
2-2: Strikes out swinging
Batting: RHB Bob Alley 0-0: Ball
1-0: Ground out 6-3 (Groundball, 6MS, EV 81.3 MPH)
Batting: RHB Colin Matthews 0-0: Called Strike
0-1: Ball
1-1: Fly out, F9 (Flyball, 9LSF, EV 70.6 MPH)
Bottom of the 6th over - 0 runs, 0 hits, 0 errors, 0 left on base; Richmond 0 - Footscray 2
TOP OF THE 7TH
Richmond Tigers batting - Pitching for Footscray Bulldogs : RHP Destin Stuckey
Batting: LHB Frank Hicken 0-0: Ball
1-0: Ground out 5-3 (Groundball, 56S, EV 63.8 MPH)
Batting: RHB Dae-hwan Kong 0-0: Ball
1-0: Swinging Strike
1-1: Called Strike
1-2: Strikes out swinging
Batting: RHB Michael Reakes 0-0: Foul Ball, location: 2F
0-1: Foul Ball, location: 2F
0-2: Ground out U3 (Groundball, 34, EV 99.4 MPH)
Top of the 7th over - 0 runs, 0 hits, 0 errors, 0 left on base; Richmond 0 - Footscray 2
BOTTOM OF THE 7TH
Footscray Bulldogs batting - Pitching for Richmond Tigers : RHP D.B. Chesters
Batting: RHB Luke Gayford 0-0: Called Strike
0-1: Fly out, F8 (Flyball, 8LM, EV 83.1 MPH)
Batting: RHB Bill Bransington 0-0: Ball
1-0: Swinging Strike
1-1: Swinging Strike
1-2: Foul Ball, location: 25FF
1-2: Ball
2-2: Ball
3-2: Ground out 4-3 (Groundball, 4, EV 80.6 MPH)
Batting: RHB Marvin Fairchild 0-0: Ground out 2-3 (Groundball, 13S, EV 67.5 MPH)
Bottom of the 7th over - 0 runs, 0 hits, 0 errors, 0 left on base; Richmond 0 - Footscray 2
TOP OF THE 8TH
Richmond Tigers batting - Pitching for Footscray Bulldogs : RHP Destin Stuckey
Pitching: RHP Rex Williams
Batting: RHB Matt Huntley 0-0: Ball
1-0: Called Strike
1-1: Called Strike
1-2: Ball
2-2: Foul Ball, location: 2F
2-2: Ball
3-2: Base on Balls
Pinch Hitting: SHB Stefan McCleary 0-0: Called Strike
0-1: Ball
1-1: SINGLE (Line Drive, 4MD, EV 63.8 MPH)
Matt Huntley to second
Pinch Hitting: LHB Andy Weisner 0-0: Fielders Choice at 2nd, 3-6 (Groundball, 3, EV 88.1 MPH)
Matt Huntley to third
Batting: RHB Arnie Studs 0-0: Ball
1-0: Ball
2-0: Ball
3-0: Called Strike
3-1: Foul Ball, location: 9LSF
3-2: Foul Ball, location: 2F
3-2: Base on Balls
Andy Weisner to second
Pinch Hitting: SHB Maverick Doig 0-0: Ball
1-0: Called Strike
1-1: Foul Ball, location: 5FF
1-2: Foul Ball, location: 2F
1-2: Ball
2-2: Ball
3-2: SINGLE (Line Drive, 6D, EV 98.8 MPH)
Matt Huntley scores
Andy Weisner to third
Arnie Studs to second
Batting: RHB Micah Plumtree 0-0: Ball
1-0: Ball
2-0: Swinging Strike
2-1: Swinging Strike
2-2: Ball
3-2: Base on Balls
Andy Weisner scores
Arnie Studs to third
Maverick Doig to second
Batting: LHB Frank Hicken 0-0: Ball
1-0: Called Strike
1-1: Ball
2-1: Grounds into fielders choice 4-2 (Groundball, 4, EV 78.1 MPH)
Maverick Doig to third
Micah Plumtree to second
Batting: RHB Dae-hwan Kong 0-0: Ball
1-0: Ball
2-0: Ball
3-0: Base on Balls
Maverick Doig scores
Micah Plumtree to third
Frank Hicken to second
Batting: RHB Michael Reakes 0-0: Fly out, F4 (Popup, 4M, EV 58.8 MPH)
Top of the 8th over - 3 runs, 2 hits, 0 errors, 3 left on base; Richmond 3 - Footscray 2
BOTTOM OF THE 8TH
Footscray Bulldogs batting - Pitching for Richmond Tigers : RHP D.B. Chesters
Pitching: RHP Michael Sealey
Now at 2B: Stefan McCleary
Now at 3B: Maverick Doig
Now at SS: Garry Bodenham
Batting: SHB Matt Brentnall 0-0: Ball
1-0: Ball
2-0: Ball
3-0: Called Strike
3-1: SINGLE (Line Drive, 89S, EV 92.5 MPH)
Pinch Hitting: LHB Ethan Rymer 0-0: Called Strike
0-1: Grounds into double play, 6-4-3 (Groundball, 6, EV 86.9 MPH)
Pinch Hitting: RHB Marc Dumbrill 0-0: Ball
1-0: Ball
2-0: Ball
3-0: Called Strike
3-1: Base on Balls
Batting: RHB Brad Angwin 0-0: Swinging Strike
0-1: Swinging Strike
0-2: SINGLE (Groundball, 4MD, EV 96.3 MPH)
Marc Dumbrill to second
Batting: RHB Bob Alley 0-0: Called Strike
0-1: Ball
1-1: Ball
2-1: Ball
3-1: Base on Balls
Marc Dumbrill to third
Brad Angwin to second
Batting: RHB Colin Matthews 0-0: Called Strike
0-1: Ball
1-1: Foul Ball, location: 2F
1-2: Strikes out looking
Bottom of the 8th over - 0 runs, 2 hits, 0 errors, 3 left on base; Richmond 3 - Footscray 2
TOP OF THE 9TH
Richmond Tigers batting - Pitching for Footscray Bulldogs : RHP Rex Williams
Pitching: LHP Ozzie Catlow
Now at SS: Ethan Rymer
Now in LF: Joel Pauling
Batting: RHB Matt Huntley 0-0: Fly out, F9 (Flyball, 9LD, EV 88.8 MPH)
Batting: SHB Stefan McCleary 0-0: Swinging Strike
0-1: Ball
1-1: SOLO HOME RUN (Flyball, 7D, EV 97.5 MPH), Distance : 395 ft
Batting: RHB Garry Bodenham 0-0: Swinging Strike
0-1: Swinging Strike
0-2: Strikes out swinging
Batting: RHB Arnie Studs 0-0: Ball
1-0: Foul Ball, location: 2F
1-1: Ball
2-1: Ball
3-1: Base on Balls
Batting: SHB Maverick Doig 0-0: Ground out U3 (Groundball, 3L, EV 105.6 MPH)
Top of the 9th over - 1 run, 1 hit, 0 errors, 1 left on base; Richmond 4 - Footscray 2
BOTTOM OF THE 9TH
Footscray Bulldogs batting - Pitching for Richmond Tigers : RHP Michael Sealey
Pitching: RHP Duecha Jenebi
Batting: RHB Luke Gayford 0-0: Called Strike
0-1: Ball
1-1: Called Strike
1-2: Ball
2-2: Strikes out swinging
Pinch Hitting: RHB Shaun Allora 0-0: Called Strike
0-1: Ground out 6-3 (Groundball, 6, EV 90.0 MPH)
Batting: RHB Marvin Fairchild 0-0: Ball
1-0: Called Strike
1-1: SINGLE (Line Drive, 8RS, EV 91.3 MPH)
Batting: SHB Matt Brentnall 0-0: Called Strike
0-1: Swinging Strike
0-2: Ball
1-2: Strikes out swinging
Bottom of the 9th over - 0 runs, 1 hit, 0 errors, 1 left on base; Richmond 4 - Footscray 2
Monday, April 29th , 2024 - OOTP Baseball 24.9 Build 80